Map: [ESL] Goldenaura

Players

Creator

  • Race: Protoss Protoss
  • Spawn Location: 12:00

Kelazhur - Winner!

  • Race: Terran Terran
  • Spawn Location: 5:00

Event: ESL SC2 Masters 2023 Winter (Finals)

VOD

Have the link to the VOD?

Description

Time

  • Played on: Dec. 16, 2023, 9:16 a.m.
  • Length: 12:31

All games in this series

Show
View Real Time Build Order
Export as new Build Order

Creator Protoss 

Build Orders: 1 Gate Expand, Blink Stalkers 

Get SALT Encoding   

  12  0:00  Probe  
  13  0:12  Probe  
  14  0:17  Pylon  
  14  0:24  Probe (Chrono Boost)  
  15  0:36  Probe (Chrono Boost)  
  15  0:38  Gateway  
  16  0:44  Probe (Chrono Boost)  
  16  0:46  Assimilator  
  17  0:51  Probe  
  18  1:03  Probe  
  19  1:15  Probe  
  20  1:26  Cybernetics Core  
  20  1:35  Nexus  
  20  1:41  Pylon  
  20  1:43  Probe  
  21  1:49  Assimilator  
  21  1:55  Probe  
  21  1:59  Adept (Chrono Boost)  
  21  2:00  Warp Gate (Chrono Boost)  
  22  2:08  Probe  
  24  2:14  Pylon  
  24  2:19  Adept (Chrono Boost)  
  24  2:20  Probe  
  27  2:32  Probe  
  27  2:34  Gateway  
  28  2:43  Gateway  
  28  2:50  Adept  
  30  2:55  Probe  
  30  2:58  Probe  
  32  3:07  Probe  
  32  3:10  Probe  
  34  3:15  Twilight Council  
  34  3:21  Probe  
  34  3:22  Probe  
  36  3:36  Probe x2  
  36  3:41  Stalker x3  
  42  3:47  Pylon  
  42  3:48  Blink (Chrono Boost)  
  42  3:51  Probe  
  43  4:05  Adept, Stalker  
  43  4:06  Zealot  
  49  4:12  Probe  
  49  4:13  Probe  
  43  4:26  Probe (Chrono Boost)  
  43  4:27  Probe (Chrono Boost)  
  43  4:28  Shield Battery  
  43  4:31  Stalker x2  
  43  4:38  Probe (Chrono Boost), Stalker  
  51  4:42  Probe (Chrono Boost)  
  51  4:44  Probe (Chrono Boost)  
  52  4:48  Pylon  
  52  4:49  Probe  
  53  4:53  Probe  
  53  4:58  Nexus  
  54  5:01  Probe  
  54  5:02  Robotics Facility  
  54  5:06  Pylon  
  55  5:08  Probe  
  55  5:10  Stalker  
  55  5:14  Probe  
  59  5:16  Pylon  
  59  5:20  Probe  
  60  5:28  Probe  
  61  5:29  Stalker  
  61  5:31  Shield Battery  
  61  5:33  Shield Battery  
  61  5:35  Probe  
  64  5:36  Stalker  
  64  5:40  Probe  
  67  5:51  Probe  
  67  5:52  Observer, Probe  
  67  5:53  Stalker  
  67  5:55  Assimilator  
  67  5:56  Pylon  
  72  6:00  Stalker  
  72  6:03  Probe  
  75  6:04  Gateway, Probe  
  75  6:11  Probe  
  77  6:15  Probe  
  77  6:16  Probe  
  77  6:17  Charge  
  73  6:23  Probe  
  74  6:27  Probe  
  74  6:28  Gateway, Probe  
  74  6:29  Gateway  
  76  6:35  Probe  
  76  6:36  Warp Prism (Chrono Boost)  
  76  6:38  Sentry  
  76  6:39  Probe  
  82  6:40  Probe  
  82  6:43  Pylon  
  82  6:46  Gateway  
  83  6:47  Probe  
  83  6:48  Gateway  
  83  6:50  Gateway, Pylon  
  83  6:52  Probe  
  83  6:53  Probe  
  86  7:05  Zealot, Immortal (Chrono Boost)  
  86  7:06  Zealot x2  
  86  7:08  Pylon  
  96  7:16  Nexus  
  96  7:19  Pylon  
  96  7:23  Assimilator  
  96  7:24  Assimilator  
  96  7:31  Sentry  
  96  7:33  Zealot x2  
  96  7:34  Zealot x2  
  96  7:36  Immortal (Chrono Boost)  
  110  7:42  Sentry  
  110  7:44  Stalker  
  111  7:54  Zealot x3  
  117  7:59  Pylon  
  117  8:01  Robotics Bay, Stalker x2  
  117  8:02  Zealot  
  119  8:12  Zealot  
  115  8:15  Pylon  
  115  8:16  Pylon x2  
  115  8:17  Gateway, Immortal (Chrono Boost)  
  113  8:32  Zealot x2  
  117  8:36  Nexus, Cybernetics Core  
  117  8:37  Zealot x3  
  117  8:39  Probe x3  
  117  8:40  Pylon  
  126  8:52  Colossus (Chrono Boost)  
  132  8:56  Extended Thermal Lance  
  132  8:59  Zealot  
  132  9:00  Zealot x3  
  140  9:06  Dark Shrine, Pylon  
  140  9:12  Forge  
  140  9:18  Shield Battery  
  139  9:28  Colossus (Chrono Boost)  
  139  9:29  Stalker x2  
  149  9:36  Stalker x2  
  138  9:48  Stalker x3  
  138  9:52  Stalker x2  
  146  9:55  Probe x4  
  146  10:00  Protoss Ground Weapons Level 1  
  146  10:07  Probe  
  146  10:08  Probe x3, Colossus (Chrono Boost)  
  154  10:14  Zealot x4  
  154  10:20  Probe  
  134  10:38  Probe x4  
  134  10:42  Shield Battery x2, Stalker x3  
  136  10:43  Stalker x3  
  136  10:48  Dark Templar  
  148  10:53  Pylon  
  148  10:55  Robotics Facility  
  148  11:00  Observer (Chrono Boost)  
  148  11:07  Photon Cannon, Shield Battery  
  148  11:11  Probe x4  
  150  11:16  Dark Templar x2, Zealot  
  156  11:19  Dark Templar, Zealot  
  156  11:23  Dark Templar, Probe  
  156  11:24  Zealot  
  140  11:37  Zealot  
  133  11:48  Pylon  
  133  11:49  Pylon  
  133  11:53  Stalker x3  
  133  11:58  Immortal (Chrono Boost)  
  133  12:02  Pylon  
  133  12:05  Archon  
  133  12:07  Zealot  
  135  12:15  Zealot  
  137  12:19  Zealot  
  137  12:20  Nexus, Zealot x2  
Show
View Real Time Build Order
Export as new Build Order

Kelazhur Terran - Winner!

Build Orders: Cyclone Opening 

Get SALT Encoding   

  12  0:00  SCV  
  13  0:12  SCV  
  14  0:17  Supply Depot  
  14  0:24  SCV  
  15  0:38  SCV  
  15  0:40  Barracks  
  16  0:44  Refinery  
  16  0:50  SCV  
  16  0:53  Refinery  
  17  1:03  SCV  
  18  1:15  SCV  
  19  1:26  Reaper  
  19  1:27  Orbital Command  
  20  1:41  Factory, Supply Depot  
  20  1:53  SCV  
  21  1:59  Barracks Reactor  
  21  2:05  SCV  
  22  2:17  SCV  
  22  2:21  Command Center  
  23  2:28  Cyclone  
  25  2:30  SCV  
  26  2:40  Starport  
  26  2:44  Supply Depot  
  26  2:48  SCV  
  27  2:52  Marine x2  
  29  3:00  SCV  
  29  3:06  Cyclone  
  29  3:10  Marine  
  29  3:11  Marine  
  29  3:12  SCV  
  34  3:16  Medivac  
  36  3:24  SCV  
  37  3:28  Marine  
  37  3:29  Marine  
  39  3:36  SCV  
  39  3:38  Cyclone  
  39  3:41  Orbital Command  
  42  3:48  SCV  
  43  3:51  Marine x2  
  45  3:55  Supply Depot  
  45  4:00  SCV  
  44  4:08  Marine  
  44  4:09  Marine  
  44  4:12  Cyclone, SCV  
  44  4:15  SCV  
  44  4:27  SCV  
  45  4:36  Barracks  
  45  4:37  Barracks  
  45  4:42  SCV  
  45  4:44  Marine  
  45  4:45  Marine  
  48  4:49  SCV  
  49  4:54  Starport Tech Lab, Factory Tech Lab, SCV  
  49  4:58  Engineering Bay  
  50  5:01  SCV  
  50  5:03  Marine  
  50  5:05  Supply Depot  
  52  5:08  SCV, Marine  
  52  5:11  Refinery  
  52  5:13  SCV  
  55  5:21  SCV  
  56  5:25  Supply Depot  
  56  5:26  SCV  
  57  5:31  Marine x2  
  57  5:33  SCV  
  57  5:35  Stimpack, Starport Reactor, Marauder  
  62  5:38  SCV  
  63  5:45  SCV  
  63  5:46  Terran Infantry Weapons Level 1  
  62  5:51  Combat Shield, Marine x2  
  62  5:52  Marauder  
  62  5:53  SCV  
  67  5:58  Supply Depot, SCV  
  67  5:59  Bunker  
  67  6:03  Supply Depot, Marauder  
  70  6:06  SCV  
  70  6:09  Marine x2  
  70  6:18  SCV, Marauder  
  69  6:21  SCV  
  69  6:22  Medivac x2  
  69  6:23  Factory Reactor  
  69  6:25  Marauder  
  71  6:29  Marine x2  
  73  6:34  Refinery  
  73  6:39  Marauder  
  75  6:44  Command Center  
  75  6:46  Marauder, SCV x2  
  79  6:48  Supply Depot, Marine x2  
  79  6:53  Medivac x2  
  85  7:02  SCV  
  85  7:05  Marauder  
  85  7:06  Widow Mine x2  
  85  7:08  SCV  
  93  7:10  Supply Depot  
  93  7:15  Marine x2  
  93  7:16  Marauder  
  93  7:17  SCV  
  93  7:19  Barracks  
  93  7:20  Barracks, Concussive Shells  
  98  7:27  SCV  
  98  7:29  Marauder  
  101  7:32  Widow Mine x2  
  101  7:36  Supply Depot  
  105  7:38  Liberator  
  105  7:41  SCV  
  105  7:43  Terran Infantry Armor Level 1  
  109  7:49  SCV  
  110  7:55  Liberator, Marine x2  
  110  7:56  Marauder x2, Supply Depot  
  110  7:58  SCV  
  118  7:59  SCV  
  118  8:02  SCV  
  115  8:10  SCV  
  115  8:11  SCV  
  115  8:12  Widow Mine  
  115  8:13  Marine  
  115  8:14  SCV  
  115  8:17  Marine x2, Marauder  
  115  8:19  Barracks Reactor  
  120  8:20  Barracks Tech Lab  
  120  8:22  SCV  
  119  8:32  Orbital Command  
  119  8:34  Viking  
  119  8:36  SCV x2  
  119  8:38  Viking  
  125  8:43  Marauder x2  
  125  8:47  Armory  
  129  8:55  Widow Mine  
  131  8:58  SCV x2  
  131  8:59  Supply Depot  
  133  9:02  Marine  
  133  9:03  Marauder, Marine  
  133  9:04  Orbital Command  
  133  9:07  Marauder x2  
  141  9:20  Viking, Marine x2, Supply Depot, SCV x2  
  141  9:21  Widow Mine  
  149  9:26  Supply Depot  
  149  9:38  Marauder  
  149  9:39  Marine  
  149  9:40  Marauder  
  149  9:41  Marauder  
  146  9:46  Marine  
  146  9:48  Viking  
  147  9:54  SCV  
  147  9:55  SCV  
  147  9:57  Marine x2  
  147  9:59  Marauder  
  150  10:00  Ghost Academy  
  150  10:02  Terran Infantry Weapons Level 2, Marauder  
  150  10:03  Refinery x2  
  152  10:11  Marauder, Marine  
  155  10:15  SCV  
  155  10:19  Viking  
  155  10:21  Marauder  
  156  10:23  Marauder, Marine x2  
  136  10:30  Widow Mine  
  136  10:32  Marine x2  
  136  10:33  Marauder  
  133  10:40  Marine  
  133  10:41  Ghost  
  136  10:44  Ghost  
  136  10:49  Command Center  
  138  10:50  Viking  
  138  10:54  Viking  
  142  10:58  Widow Mine  
  142  11:01  Ghost  
  142  11:02  Marine x3  
  142  11:03  Marine  
  150  11:08  Supply Depot  
  150  11:09  SCV x3  
  151  11:16  Ghost  
  151  11:19  Widow Mine  
  151  11:21  Marauder, Marine x2  
  148  11:27  Marine  
  148  11:30  Marauder  
  151  11:37  Marine  
  151  11:38  Marine, SCV x2  
  154  11:42  Marauder  
  154  11:45  Marauder  
  154  11:46  Marine x2  
  155  11:52  Marauder  
  155  11:58  Missile Turret, SCV x3  
  155  11:59  Marine  
  155  12:00  Marine  
  160  12:01  Missile Turret  
  160  12:04  Marine, Marauder  
  160  12:06  Marauder  
  158  12:08  Marine  
  158  12:10  SCV  
  158  12:11  Factory Reactor  
  158  12:13  Barracks x2  
  164  12:17  Barracks  
Tags
 
Add a new tag
Caveats
  • Supply blocks, unpowered buildings, or Contaminate may cause inaccurate times.
  • Supply counts are checked every 10 seconds.